 Dungeon Crawl Stone Soup version 0.31.0 (webtiles) character file.

Game seed: 2935982976631847071

1418 qw the Skirmisher (level 8, -2/49 HPs)
             Began as a Gargoyle Hunter on Jan 19, 2024.
             Was a Follower of Okawaru.
             Slain by Edmund
             ... wielding a +2 heavy flail
              (12 damage)
             ... on level 5 of the Dungeon.
             The game lasted 00:00:25 (4059 turns).

qw the Skirmisher (Gargoyle Hunter)                 Turns: 4059, Time: 00:00:25

Health: -2/49      AC: 12    Str: 10    XL:     8   Next: 71%
Magic:  11/11      EV: 12    Int: 10    God:    Okawaru [*.....]
Gold:   256        SH:  0    Dex: 19    Spells: 7/7 levels left

rFire   . . .        a - +0 shortbow
rCold   + + +        (shield currently unavailable)
rNeg    + . .        m - +0 leather armour "Mamoich" {rC+++ Will- Str-5 Dex+4}
rPois   inf          (no helmet)
rElec   +            o - +1 cloak
rCorr   .            e - +1 pair of gloves
SInv    .            (no boots)
Will    .....        c - amulet of the acrobat
Stlth   ++           (no ring)
HPRegen 0.28/turn    (no ring)
MPRegen 0.12/turn

%: acrobat
@: about to teleport
A: sickness immunity, AC +5, negative energy resistance 1, electricity
resistance, torment resistance 1, petrification resistance
a: Renounce Religion, Heroism


You were on level 5 of the Dungeon.
You worshipped Okawaru.
Okawaru was aware of your devotion.
You visited 2 branches of the dungeon, and saw 6 of its levels.

You collected 256 gold pieces.


Innate Abilities, Weirdness & Mutations

You are immune to sickness and miasma.
Your stone body is resilient. (AC +5)
You are immune to poison.
You resist negative energy. (rN+)
You are resistant to electric shocks. (rElec)
You are resistant to unholy torment.
You are immune to petrification.


   Skills:
 + Level 5.3 Fighting
 - Level 9.0 Ranged Weapons
 - Level 1.6 Armour
 - Level 2.4 Dodging
 - Level 1.1 Stealth
 - Level 4.1 Invocations


You had 7 spell levels left.
You didn't know any spells.
Your spell library was empty.

Inventory:

Hand Weapons
 a - a +0 shortbow (weapon)
Armour
 e - a +1 pair of gloves (worn)
 j - a +0 ring mail of fire resistance
 m - the +0 leather armour "Mamoich" (worn) {rC+++ Will- Str-5 Dex+4}
   (You found it on level 3 of the Dungeon)

   Str-5:     It affects your strength (-5).
   Dex+4:     It affects your dexterity (+4).
   rC+++:     It renders you almost immune to cold.
   Will-:     It decreases your willpower.
 o - a +1 cloak (worn)
Jewellery
 c - an amulet of the acrobat (around neck)
 n - a ring of protection from cold
Scrolls
 f - 2 scrolls of teleportation
 k - a scroll of brand weapon {unknown}
 p - a scroll of enchant armour {unknown}
Potions
 b - a potion of mutation {unknown}
 d - a potion of heal wounds
 g - a potion of enlightenment
 h - a potion of resistance
 i - 3 potions of curing
 l - a potion of haste

Dungeon Overview and Level Annotations

Branches:
Dungeon (5/15)             Temple (1/1) D:4

Altars:
Ashenzari
Cheibriados
Dithmenos
Elyvilon
Fedhas
Gozag
Hepliaklqana
Kikubaaqudgha
Makhleb
Nemelex Xobeh
Okawaru
Qazlal
Ru
Sif Muna
Trog
Uskayaw
Vehumet
Wu Jian
Xom
Yredelemnul
Zin

Annotations:
D:5 Edmund


Message History

You open the door.
Edmund the Younger comes into view.
He is wielding a +2 heavy flail.
Found 13 gold pieces.
You shoot an arrow. The arrow hits Edmund!
Edmund shouts!
Edmund is lightly wounded.
You shoot an arrow. The arrow hits Edmund!
Edmund is moderately wounded.
Edmund hits you with a +2 heavy flail!
You shoot an arrow.
The arrow hits Edmund but does no damage.
Edmund is moderately wounded.
You shoot an arrow. The arrow hits Edmund.
Edmund is heavily wounded.
Edmund says, "I might not be good at magic, but I can still kill you!"
Edmund closely misses you.
You shoot an arrow. The arrow barely misses Edmund.
Edmund closely misses you.
You shoot an arrow. The arrow hits Edmund!
Edmund is severely wounded.
Edmund hits you with a +2 heavy flail.
You shoot an arrow. The arrow completely misses Edmund.
You shoot an arrow. The arrow barely misses Edmund.
Edmund hits you with a +2 heavy flail.
You shoot an arrow. The arrow hits Edmund!
Edmund is severely wounded.
Edmund hits you with a +2 heavy flail!
You shoot an arrow.
The arrow hits Edmund but does no damage.
Edmund is severely wounded.
You shoot an arrow. The arrow hits Edmund!
Edmund is almost dead.
Edmund hits you with a +2 heavy flail!
4059 ||| READING 3 scrolls of teleportation.
As you read the scroll of teleportation, it crumbles to dust.
You feel strangely unstable.
Edmund gestures with his flail.
Edmund hits you with a +2 heavy flail!
You die...
Edmund says, "That'll show my brother!"

##..##......#....###+##
#..### ..##......#....#
#. #.. #......#....#
#.. +......#....# #..
#......+....# #..
#......#....# #.. ..$..
#....# #.. ......#....#
#.. ......@@...# #..
......#....# ..###
#....# ##'#... #..
..#....# #.. ..#....'
+.. .# ...# #####.. .#
..# #...... #......


You could see Edmund.

Vanquished Creatures
  Sigmund (D:3)
  Eustachio (D:4)
  Menkaure (D:5)
  An ice beast (D:5)
  A black bear (D:5)
  2 ogres
  A phantom (D:4)
  A kobold brigand (D:4)
  A scorpion (D:5)
  An orc priest (D:4)
  2 hounds (D:4)
  4 iguanas
  A sleepcap (D:5)
  An orc wizard (D:3)
  4 adders
  6 gnolls
  2 ufetubi (D:4)
  2 ribbon worms (D:2)
  3 dart slugs
  7 orcs
  4 ball pythons
  7 bats
  8 endoplasms
  7 giant cockroaches
  5 goblins
  8 hobgoblins
  4 quokkas
  6 frilled lizards
  5 kobolds
  8 rats
105 creatures vanquished.

Notes
Turn   | Place    | Note
-------+----------+-------------------------------------------
     0 | D:1      | qw the Gargoyle Hunter began the quest for the Orb.
     0 | D:1      | Reached XP level 1. HP: 12/12 MP: 1/1
     0 | D:1      | 0 ||| qw: Version: 0.3-a-132-g3d54051
     0 | D:1      | 0 ||| qw: Game counter: 18
     0 | D:1      | 0 ||| qw: Melee chars always use a shield: true
     0 | D:1      | 0 ||| qw: God list: Okawaru
     0 | D:1      | 0 ||| qw: Allow faded altars: false
     0 | D:1      | 0 ||| qw: Do Orc after clearing Dungeon:15 true
     0 | D:1      | 0 ||| qw: Do second Lair branch before Depths: true
     0 | D:1      | 0 ||| qw: Lair rune preference: random
     0 | D:1      | 0 ||| qw: Goals: Normal
     0 | D:1      | 0 ||| PLANNING D:1-11
    88 | D:1      | Reached XP level 2. HP: 17/17 MP: 2/2
   447 | D:1      | 447 ||| UPGRADING to +1 pair of gloves.
   452 | D:1      | 452 ||| READING scroll labelled YRAGAPRU QISIS.
   457 | D:1      | 457 ||| DRINKING 2 puce potions.
   458 | D:1      | 458 ||| DROPPING scroll of butterflies.
   473 | D:2      | 473 ||| STAIRDANCE
   477 | D:2      | 477 ||| STAIRDANCE
   481 | D:1      | Reached XP level 3. HP: 21/21 MP: 3/3
   499 | D:2      | Reached skill level 5 in Ranged Weapons
   585 | D:2      | 585 ||| FLEEEEING.
   713 | D:2      | Reached skill level 3 in Fighting
   891 | D:2      | Reached XP level 4. HP: 24/28 MP: 4/4
   891 | D:2      | 891 ||| FLEEEEING.
  1155 | D:2      | 1155 ||| UPGRADING to +0 ring mail.
  1165 | D:2      | 1165 ||| DROPPING +0 leather armour.
  1166 | D:2      | 1166 ||| READING scroll labelled VINEFU CYITINN.
  1166 | D:2      | 1166 ||| IDENTIFYING bubbling inky potion
  1167 | D:2      | 1167 ||| DRINKING 2 murky puce potions.
  1200 | D:2      | 1200 ||| DROPPING potion of lignification.
  1224 | D:3      | 1224 ||| STAIRDANCE
  1235 | D:3      | 1235 ||| STAIRDANCE
  1250 | D:3      | Reached skill level 1 in Armour
  1330 | D:3      | Reached XP level 5. HP: 32/32 MP: 5/5
  1490 | D:3      | 1490 ||| FLEEEEING.
  1645 | D:3      | Noticed Sigmund
  1664 | D:3      | Killed Sigmund
  1665 | D:3      | Reached skill level 6 in Ranged Weapons
  1665 | D:3      | Reached XP level 6. HP: 27/37 MP: 6/6
  1776 | D:3      | Identified the +0 leather armour "Mamoich" {rC+++ Will-
                  | Str-5 Dex+4}
  2005 | D:3      | 2005 ||| UPGRADING to +0 ring mail of fire resistance.
  2015 | D:3      | 2015 ||| DROPPING +0 ring mail.
  2016 | D:3      | 2016 ||| UPGRADING to +0 leather armour "Mamoich" {rC+++
                  | Will- Str-5 Dex+4}.
  2026 | D:3      | 2026 ||| READING scroll of identify.
  2026 | D:3      | 2026 ||| IDENTIFYING blue potion
  2027 | D:3      | 2027 ||| READING 2 scrolls labelled ZUOBUUPP QUUSI.
  2028 | D:3      | 2028 ||| DRINKING 3 white potions.
  2029 | D:3      | 2029 ||| DRINKING potion of curing.
  2029 | D:3      | 2029 ||| (to cure confusion)
  2030 | D:3      | 2030 ||| DROPPING scroll of fog.
  2031 | D:3      | 2031 ||| DROPPING 2 potions of ambrosia.
  2139 | D:4      | Found a staircase to the Ecumenical Temple.
  2140 | D:4      | 2140 ||| PLANNING TEMPLE
  2140 | D:4      | 2140 ||| UPGRADING to amulet of the acrobat.
  2153 | Temple   | Entered the Ecumenical Temple
  2154 | Temple   | 2154 ||| PLANNING OKAWARU WORSHIP
  2208 | Temple   | Became a worshipper of Warmaster Okawaru
  2209 | Temple   | 2209 ||| PLANNING D:1-11
  2485 | D:4      | Noticed Eustachio
  2488 | D:4      | 2488 ||| RETREEEEATING.
  2491 | D:4      | 2491 ||| RETREEEEATING.
  2492 | D:4      | 2492 ||| RETREEEEATING.
  2493 | D:4      | 2493 ||| RETREEEEATING.
  2504 | D:4      | Reached XP level 7. HP: 25/44 MP: 7/7
  2518 | D:4      | 2518 ||| FLEEEEING.
  2633 | D:4      | 2633 ||| FLEEEEING.
  2634 | D:4      | 2634 ||| FLEEEEING.
  2636 | D:4      | 2636 ||| FLEEEEING.
  2638 | D:4      | 2638 ||| FLEEEEING.
  2639 | D:4      | 2639 ||| FLEEEEING.
  2640 | D:4      | 2640 ||| FLEEEEING.
  2641 | D:4      | 2641 ||| FLEEEEING.
  2642 | D:4      | 2642 ||| FLEEEEING.
  2643 | D:4      | 2643 ||| FLEEEEING.
  2660 | D:4      | 2660 ||| FLEEEEING.
  2671 | D:4      | 2671 ||| RETREEEEATING.
  2674 | D:4      | 2674 ||| RETREEEEATING.
  2675 | D:4      | 2675 ||| RETREEEEATING.
  2677 | D:4      | 2677 ||| RETREEEEATING.
  2680 | D:4      | 2680 ||| RETREEEEATING.
  2685 | D:4      | Reached * piety under Okawaru
  2686 | D:4      | Reached skill level 7 in Ranged Weapons
  2702 | D:4      | 2702 ||| INVOKING Heroism.
  2715 | D:4      | 2715 ||| INVOKING Heroism.
  2721 | D:4      | Killed Eustachio
  2746 | D:4      | 2746 ||| FLEEEEING.
  2878 | D:4      | Reached skill level 1 in Invocations
  2969 | D:4      | Reached skill level 8 in Ranged Weapons
  2975 | D:4      | 2975 ||| FLEEEEING.
  3236 | D:4      | Reached XP level 8. HP: 48/48 MP: 9/9
  3325 | D:4      | 3325 ||| UPGRADING to +1 cloak.
  3330 | D:4      | 3330 ||| READING scroll of identify.
  3330 | D:4      | 3330 ||| IDENTIFYING 2 yellow potions
  3331 | D:4      | 3331 ||| DRINKING 2 sedimented dark potions.
  3332 | D:4      | 3332 ||| DRINKING 2 fizzy yellow potions.
  3333 | D:4      | 3333 ||| DROPPING 2 potions of brilliance.
  3337 | D:5      | Entered Level 5 of the Dungeon
  3377 | D:5      | 3377 ||| FLEEEEING.
  3437 | D:5      | Reached skill level 3 in Invocations
  3437 | D:5      | 3437 ||| FLEEEEING.
  3444 | D:5      | 3444 ||| STAIRDANCE
  3633 | D:5      | 3633 ||| INVOKING Heroism.
  3695 | D:5      | 3695 ||| FLEEEEING.
  3725 | D:5      | Noticed Menkaure
  3735 | D:5      | Killed Menkaure
  3811 | D:5      | 3811 ||| FLEEEEING.
  3911 | D:5      | Reached skill level 9 in Ranged Weapons
  4047 | D:5      | Noticed Edmund
  4058 | D:5      | HP: 10/49 [Edmund/+2 heavy flail (11)]
  4059 | D:5      | 4059 ||| READING 3 scrolls of teleportation.
  4059 | D:5      | Slain by Edmund

Levels and vault maps discovered:
D:1:      wander_arrival_fairy_ring, layout_basic, minmay_fountain_box
D:2:      layout_loops_ring
D:3:      layout_basic, minmay_ruptured, uniq_sigmund
D:4:      minmay_general_purpose_star, layout_basic,
          minmay_temple_entry_poolview, minmay_fractal_squares_5, uniq_eustachio
D:5:      layout_gridville, uniq_ijyb, uniq_edmund, uniq_menkaure
Temple:   mainiacjoe_temple_starburst

Skill      XL: |  1  2  3  4  5  6  7  8 |
---------------+-------------------------+-----
Ranged Weapons | 5 6 8 9 |  9.0
Fighting       | 3 4 5 |  5.3
Armour         | 1 |  1.6
Dodging        | 2 |  2.4
Invocations    | 2 4 |  4.1
Stealth        | |  1.1

Action                     |  1- 3 |  4- 6 |  7- 9 || total
---------------------------+-------+-------+-------++-------
   Fire: Shortbow          |   114 |   150 |   261 ||   525
 Invoke: Heroism           |       |       |     3 ||     3
    Use: Scroll            |     1 |     3 |     2 ||     6
         Potion            |     1 |     3 |     2 ||     6
 Armour: Leather armour    |    29 |    25 |   111 ||   165
         Ring mail         |       |    26 |       ||    26
  Dodge: Dodged            |    33 |    61 |   121 ||   215

Table legend:
 A = Non-vault XP
 B = Vault XP
 C = Vault XP percentage of total XP
 D = Non-vault monster count
 E = Vault monster count
 F = Vault count percentage of total count
                 A         B        C        D         E       F
            +---------+---------+-------+---------+---------+-------
      Total |    1293 |     733 |  36.2 |      91 |      14 |  13.3
            +---------+---------+-------+---------+---------+-------
        D:1 |      35 |       0 |   0.0 |      20 |       0 |   0.0
        D:2 |      72 |       0 |   0.0 |      25 |       0 |   0.0
        D:3 |      93 |     229 |  71.1 |      15 |       3 |  16.7
        D:4 |     475 |     339 |  41.6 |      21 |      10 |  32.3
        D:5 |     618 |     165 |  21.1 |      10 |       1 |   9.1
            +---------+---------+-------+---------+---------+-------
